 Dungeon Crawl Stone Soup version 0.20-a0-2-g2b0e13a (webtiles) character file.

2727 varam the Chopper (level 9, 65/68 HPs)
             Began as a Demonspawn Berserker on Oct 29, 2016.
             Was a High Priest of Trog.
             Quit the game on level 7 of the Dungeon.
             The game lasted 00:19:11 (7200 turns).

varam the Chopper (Demonspawn Berserker)            Turns: 7200, Time: 00:19:13

Health: 65/68      AC: 12    Str: 17    XL:     9   Next: 40%
Magic:  9/9        EV: 18    Int: 13    God:    Trog [*****.]
Gold:   399        SH:  0    Dex: 16    Spells: 0 memorised, 8 levels left

rFire  . . .     SeeInvis .     M - -3 hand axe (curse)
rCold  . . .     Gourm    .     b - +1 animal skin
rNeg   . . .     Faith    .     (no shield)
rPois  .         Spirit   .     (helmet restricted)
rElec  .         Reflect  .     (no cloak)
rCorr  .         Harm     .     n - +2 pair of gloves "Vafucif" {Int+4}
MR     .....                    (no boots)
Stlth  +.........               (no amulet)
                                y - +3 ring of protection
                                A - +2 ring of evasion

@: no status effects
A: horns 2, slimy green scales 2
a: Berserk, Trog's Hand, Brothers in Arms, Burn Spellbooks, Renounce Religion


You were on level 7 of the Dungeon.
You worshipped Trog.
Trog was extremely pleased with you.
You were hungry.

You visited 1 branch of the dungeon, and saw 7 of its levels.

You collected 399 gold pieces.

Inventory:

Hand Weapons
 a - a +0 hand axe
 j - a +0 vampiric whip
 C - a +2 hand axe of electrocution
 G - a +0 battleaxe
 M - a cursed -3 hand axe (weapon)
Missiles
 B - a throwing net (quivered)
 I - 2 javelins of returning
Armour
 b - a +1 animal skin (worn)
 n - the +2 pair of gloves "Vafucif" (worn) {Int+4}
   (You found it on level 4 of the Dungeon)

   It affects your intelligence (+4).
Jewellery
 o - an uncursed ring of protection from fire
 y - a +3 ring of protection (right hand)
 A - a +2 ring of evasion (left hand)
 E - an uncursed ring of magical power
Wands
 x - a wand of lightning (6/15)
Scrolls
 d - a scroll of enchant weapon
 s - a scroll of amnesia {unknown}
 t - 3 scrolls of teleportation
 v - a scroll of remove curse {unknown}
 D - a scroll of identify
Potions
 c - a potion of brilliance {unknown}
 e - 2 potions of lignification
 h - 2 potions of cancellation
 i - 3 potions of curing
 k - a potion of beneficial mutation {unknown}
 m - a potion of degeneration {unknown}
 p - a potion of magic {unknown}
 w - a potion of haste {unknown}
 z - a potion of berserk rage {unknown}
 F - a potion of mutation {unknown}
Books
 u - a book of Callings

   Spells                             Type                      Level
   a - Summon Small Mammal            Summoning                    1
   b - Call Imp                       Summoning                    2
   c - Call Canine Familiar           Summoning                    3
   d - Summon Guardian Golem          Hexes/Summoning              3
   e - Summon Lightning Spire         Summoning/Air                4
   f - Summon Ice Beast               Ice/Summoning                4
   Trog disapproves of the use of such an item.
 H - a book of Conjurations

   Spells                             Type                      Level
   a - Magic Dart                     Conjuration                  1
   b - Searing Ray                    Conjuration                  2
   c - Dazzling Spray                 Conjuration/Hexes            3
   d - Fulminant Prism                Conjuration/Hexes            4
   e - Iskenderun's Mystic Blast      Conjuration                  4
   f - Iskenderun's Battlesphere      Conjuration/Charms           5
   Trog disapproves of the use of such an item.
Comestibles
 f - 4 beef jerkies
 g - 8 slices of pizza
 q - 5 bread rations
 r - 7 fruits
 L - a meat ration


   Skills:
 - Level 5.5 Fighting
 + Level 7.1(8.2) Axes
 - Level 6.2(7.8) Maces & Flails
 - Level 1.7 Armour
 + Level 6.2 Dodging


You had 8 spell levels left.
You didn't know any spells.

Dungeon Overview and Level Annotations

Branches:
Dungeon (7/15)             Temple (0/1) D:4

Altars:
Cheibriados
Makhleb
Qazlal
Sif Muna
Trog
Vehumet
Xom
Yredelemnul
Zin


Innate Abilities, Weirdness & Mutations

You have a pair of horns on your head.
You are mostly covered in slimy green scales. (AC +3)


Message History

The jelly barely misses you.
You hit the jelly but do no damage.
Your hands burn!
The jelly is severely wounded.
The jelly misses you.
You barely miss the jelly.
The jelly is severely wounded.
The jelly hits you but does no damage.
You hit the jelly.
Your hands burn!
You headbutt the jelly.
You kill the jelly!
Trog accepts your kill.
No target in view!
No target in view!
No target in view!
No target in view!
Found a stone staircase leading up.
You are feeling hungry.
No target in view!
No target in view!
Done exploring.
Are you sure you want to abandon this character and quit the game? (Confirm with "yes".)

#####.###.# #.# #.# #.# #.# ####
###############.# #.# #...
#...............# #.# #..(
#.#############.# #.# #...
######.#############.###.#####...
............................##...
................@.##.###.##.##...
#####..##########.##.# #.##.#'...
#####...# ###.##.###.##.##...
........# #<.............#...
#####...# #.#.######..#.##...
#...# #.#.# #..#.##... #...##
#.#.# #..#.##...
#....######.#.######..#.#####
#####..............##.....#.# #


There were no monsters in sight!

Vanquished Creatures
  A hippogriff (D:5)
  4 hogs (D:7)
  A human (D:7)
  An ice beast (D:7)
  A phantom (D:6)
  An orc warrior (D:6)
  2 necrophages
  A centaur (D:6)
  2 bullfrogs
  A scorpion (D:5)
  3 howler monkeys
  3 crimson imps
  A bullfrog zombie (D:5)
  2 orc priests
  6 orc wizards
  A centaur skeleton (D:4)
  A bullfrog skeleton (D:5)
  A jelly (D:7)
  3 iguanas
  5 worker ants
  A hound skeleton (D:6)
  Robin (D:2)
  6 gnolls
  A howler monkey skeleton (D:5)
  16 adders
  2 oozes
  5 worms
  2 dart slugs
  2 leopard geckos
  16 orcs
  4 giant cockroaches
  15 goblins
  13 hobgoblins
  6 kobolds
  3 quokkas
  11 bats
  7 frilled lizards
  A jackal skeleton (D:6)
  A leopard gecko skeleton (D:6)
  A quokka skeleton (D:4)
  11 rats
  A spectral orc (D:5)
167 creatures vanquished.

Notes
Turn   | Place    | Note
-------+----------+-------------------------------------------
     0 | D:1      | varam the Demonspawn Berserker began the quest for the Orb.
     0 | D:1      | Reached XP level 1. HP: 18/18 MP: 1/1
   100 | D:1      | Reached skill level 3 in Axes
   154 | D:1      | Gained mutation: You are partially covered in slimy green scales. (AC +2) [demonic ancestry]
   154 | D:1      | Reached XP level 2. HP: 17/24 MP: 2/2
   775 | D:1      | Reached XP level 3. HP: 29/29 MP: 3/3
   797 | D:1      | Reached ** piety under Trog
  1142 | D:2      | Reached skill level 1 in Maces & Flails
  1458 | D:2      | Gained mutation: You have a pair of small horns on your head. [demonic ancestry]
  1458 | D:2      | Reached XP level 4. HP: 25/35 MP: 4/4
  1901 | D:2      | Reached skill level 2 in Maces & Flails
  2001 | D:2      | Noticed Robin
  2319 | D:2      | Killed Robin
  2320 | D:2      | Reached *** piety under Trog
  2324 | D:2      | Gained mutation: You have a pair of horns on your head. [demonic ancestry]
  2324 | D:2      | Reached XP level 5. HP: 42/42 MP: 5/5
  2390 | D:2      | Found a glowing silver altar of Zin.
  2798 | D:3      | Reached skill level 3 in Maces & Flails
  2821 | D:3      | Found a stormy altar of Qazlal.
  3081 | D:3      | Found a radiant altar of Vehumet.
  3135 | D:3      | Reached skill level 4 in Fighting
  3280 | D:3      | Found a deep blue altar of Sif Muna.
  3851 | D:4      | Reached XP level 6. HP: 48/48 MP: 6/6
  3992 | D:4      | Got a bloodstained hand axe
  3998 | D:4      | Identified the +2 hand axe "Nidic" {chop, rC- Str+7} (You found it on level 4 of the Dungeon)
  4070 | D:4      | Reached skill level 4 in Maces & Flails
  4163 | D:4      | Reached **** piety under Trog
  4300 | D:4      | Got a pair of translucent gloves
  4313 | D:4      | Identified the +2 pair of gloves "Vafucif" {Int+4} (You found it on level 4 of the Dungeon)
  4419 | D:4      | Found a staircase to the Ecumenical Temple.
  4479 | D:5      | Entered Level 5 of the Dungeon
  4610 | D:5      | Found a shimmering altar of Xom.
  4697 | D:5      | Gained mutation: You are mostly covered in slimy green scales. (AC +3) [demonic ancestry]
  4697 | D:5      | Reached XP level 7. HP: 49/55 MP: 7/7
  4739 | D:5      | Reached skill level 5 in Maces & Flails
  5004 | D:5      | Reached skill level 5 in Fighting
  5019 | D:5      | Found a bloodstained altar of Trog.
  5079 | D:5      | Noticed a hippogriff
  5086 | D:5      | Killed a hippogriff
  5134 | D:5      | Reached skill level 6 in Maces & Flails
  5181 | D:5      | Found a basalt altar of Yredelemnul.
  5494 | D:6      | Reached skill level 2 in Dodging
  5552 | D:6      | Reached skill level 4 in Axes
  5588 | D:6      | Reached XP level 8. HP: 63/63 MP: 8/8
  5645 | D:6      | Found a snail-covered altar of Cheibriados.
  5701 | D:6      | Found a burning altar of Makhleb.
  5766 | D:6      | Reached skill level 3 in Dodging
  6035 | D:6      | Reached skill level 5 in Axes
  6095 | D:6      | Reached skill level 4 in Dodging
  6479 | D:7      | Reached skill level 6 in Axes
  6479 | D:7      | Reached skill level 5 in Dodging
  6479 | D:7      | Reached XP level 9. HP: 68/68 MP: 9/9
  6486 | D:7      | Reached ***** piety under Trog
  6623 | D:7      | Reached skill level 6 in Dodging
  6631 | D:7      | Reached skill level 7 in Axes
  7200 | D:7      | Quit the game

Vault maps used:
D:1:      dpeg_arrival_signposts, st_stairs_13, minmay_misc_feat_more_columns
D:2:      zin_academy, first_bread, uniq_robin
D:3:      lemuel_crystal_altar, nicolae_overflow_hidden_temple,
          lemuel_blue_sif_altar
D:5:      yredelemnul_forgotten_temple_becter, bloody_trog, tgw_xom,
          hangedman_decor_clover_reticule, minivault_25
D:6:      cheibrodos_worm_habitat, makhleb_blood_cavern_becter
D:7:      grunt_livestock

Skill      XL: |  1  2  3  4  5  6  7  8  9 |
---------------+----------------------------+-----
Axes           | 3 4 6 7 |  7.1
Maces & Flails | 1 2 3 4 6 |  6.2
Fighting       | 4 5 |  5.5
Dodging        | 2 5 6 |  6.2
Armour         | |  1.7

Action                   |  1- 3 |  4- 6 |  7- 9 || total
-------------------------+-------+-------+-------++-------
Melee: Hand axe          |    63 |       |    83 ||   146
       Whip              |   123 |   284 |   187 ||   594
       Headbutt          |       |    52 |    74 ||   126
       Battleaxe         |       |       |    33 ||    33
Invok: Berserk           |       |     4 |     6 ||    10
  Use: Scroll            |       |     5 |     5 ||    10
       Potion            |       |       |     1 ||     1
 Stab: Sleeping          |     1 |     1 |       ||     2
  Eat: Bread ration      |     1 |       |       ||     1
       Chunk             |     2 |    14 |    13 ||    29
       Beef jerky        |       |     3 |       ||     3
Armor: Animal skin       |    64 |    73 |    67 ||   204
Dodge: Dodged            |   144 |   165 |   193 ||   502
